 Dungeon Crawl Stone Soup version 0.30-a0-354-g6b83867211 (webtiles) character file.

Game seed: 12832757206286052957

364 themarg the Trooper (level 6, -3/59 HPs)
             Began as an Armataur Fighter on Nov 7, 2022.
             Was an Initiate of Nemelex Xobeh.
             Slain by Edmund
             ... wielding a +2 dire flail of protection
              (11 damage)
             ... on level 4 of the Dungeon.
             The game lasted 00:10:27 (4081 turns).

themarg the Trooper (Armataur Fighter)              Turns: 4081, Time: 00:10:27

Health: -3/59      AC:  6    Str: 24    XL:     6   Next: 39%
Magic:  6/6        EV:  7    Int:  8    God:    Nemelex Xobeh [......]
Gold:   227        SH:  4    Dex:  9    Spells: 5/5 levels left

rFire   . . .      SeeInvis .    t - +1 war axe (flame)
rCold   . . .      Faith    .    c - +0 buckler
rNeg    . . .      Spirit   .    b - +0 scale mail
rPois   .          Reflect  .    (no helmet)
rElec   .          Harm     .    (no cloak)
rCorr   .          Roll     +    (no gloves)
Will    .....                    (no barding)
Stlth   ..........               (no amulet)
HPRegen 0.29/turn                (no ring)
MPRegen 0.10/turn                (no ring)

@: no status effects
A: large, rugged brown scales 3, deformed body, armoured tail, roll, long
tongue, awkward tongue
a: Renounce Religion, Draw Escape, Draw Destruction, Draw Summoning


You were on level 4 of the Dungeon.
You worshipped Nemelex Xobeh.
Nemelex Xobeh was noncommittal.
You visited 2 branches of the dungeon, and saw 5 of its levels.

You collected 227 gold pieces.

Inventory:

Hand Weapons
 t - a +1 war axe of flaming (weapon)
Missiles
 i - 33 stones (quivered)
 l - 6 poisoned darts
 q - 4 boomerangs
 u - 3 boomerangs of dispersal
Armour
 b - a +0 scale mail (worn)
 c - a +0 buckler (worn)
Wands
 j - a wand of flame (11)
Scrolls
 a - a scroll of fog {unknown}
 g - 2 scrolls of teleportation
 k - a scroll of enchant armour {unknown}
 m - a scroll of immolation {unknown}
 o - a scroll of enchant weapon {unknown}
 r - a scroll of amnesia {unknown}
Potions
 d - 2 potions of might
 e - a potion of attraction {unknown}
 f - 5 potions of curing
 h - a potion of lignification {unknown}
 n - a potion of heal wounds {unknown}
 p - a potion of brilliance {unknown}
 s - a potion of magic {unknown}
 v - 2 potions of ambrosia
 w - a potion of mutation {unknown}


   Skills:
 + Level 5.4 Fighting
 + Level 2.8(3.0) Axes
 - Level 1.7(2.7) Maces & Flails
 - Level 3.6 Armour
 - Level 2.0 Stealth
 - Level 3.2 Shields


You had 5 spell levels left.
You didn't know any spells.
Your spell library was empty.

Dungeon Overview and Level Annotations

Branches:
Dungeon (4/15)             Temple (1/1) D:4

Altars:
Ashenzari
Cheibriados
Dithmenos
Elyvilon
Fedhas
Gozag
Kikubaaqudgha
Makhleb
Nemelex Xobeh
Okawaru
Qazlal
Ru
Trog
Uskayaw
Vehumet
Wu Jian
Xom
Yredelemnul
Zin
The Shining One

Shops:
D:3 (

Annotations:
D:4 Edmund


Innate Abilities, Weirdness & Mutations

You are completely covered in rugged brown scales. (AC +3, +7% HP)
Armour fits poorly on your strangely shaped body.
You have a long armoured tail.
You roll when moving toward enemies. (Rampage)
Your long tongue fully drains potion bottles. (2x potion effects)
Your tongue gives you trouble enunciating. (1.5x scroll delay)


Message History

You slash Edmund! You burn Edmund.
Edmund is moderately wounded.
Edmund completely misses you.
You slash Edmund! You burn Edmund.
Edmund is heavily wounded.
Edmund zaps a wand.
The puff of flame hits you but does no damage.
Edmund hits you with a +2 dire flail of protection!
You barely miss Edmund.
Edmund is heavily wounded.
Edmund hits you with a +2 dire flail of protection.
You barely miss Edmund.
Edmund is heavily wounded.
Edmund barely misses you.
Edmund zaps a wand.
The puff of flame hits you.
You slash Edmund! You burn Edmund.
Edmund is severely wounded.
Edmund hits you but does no damage.
You closely miss Edmund.
Edmund is severely wounded.
Edmund completely misses you.
You barely miss Edmund.
Edmund is severely wounded.
Edmund zaps a wand.
The puff of flame hits you.
Edmund hits you with a +2 dire flail of protection!
You barely miss Edmund.
Edmund is severely wounded.
Edmund hits you with a +2 dire flail of protection!
* * * LOW HITPOINT WARNING * * *
You closely miss Edmund.
Edmund is severely wounded.
Edmund hits you with a +2 dire flail of protection!
* * * LOW HITPOINT WARNING * * *
You barely miss Edmund.
Edmund is severely wounded.
Edmund barely misses you. Edmund closely misses you.
You hit Edmund but do no damage.
Edmund is severely wounded.
Edmund hits you with a +2 dire flail of protection!
You die...
Your body disappears without a glow.

#)# #....# # #)# #....#
# ### #.# #....# # ....
#.# #....# # ....###.#
###### # ........# #
........# # ........#
### #......@# ###_###
#......@# ###.....### #
#.......####.......[.###
#.......##_.....#....._#
#.......##....#...#....#
....<...##..#.......#..#
......####.............'
...... #.............'
#..#.......#..#


You could see Edmund.

Vanquished Creatures
  An ogre (D:4)
  An orc priest (D:3)
  An orc wizard (D:4)
  3 gnolls (D:4)
  7 adders
  2 worms
  3 dart slugs
  8 orcs
  10 bats
  13 endoplasms
  3 giant cockroaches
  10 goblins
  6 hobgoblins
  A jackal (D:2)
  3 kobolds
  2 quokkas
  9 ball pythons
  4 frilled lizards
  8 rats
95 creatures vanquished.

Vanquished Creatures (others)
  An orc wizard (D:4)
1 creature vanquished.

Grand Total: 96 creatures vanquished

Notes
Turn   | Place    | Note
-------+----------+-------------------------------------------
     0 | D:1      | themarg the Armataur Fighter began the quest for the Orb.
     0 | D:1      | Reached XP level 1. HP: 19/19 MP: 1/1
    53 | D:1      | Reached skill level 1 in Stealth
   151 | D:1      | Reached skill level 3 in Fighting
   163 | D:1      | Reached XP level 2. HP: 27/27 MP: 2/2
   711 | D:1      | Reached XP level 3. HP: 30/33 MP: 3/3
   881 | D:1      | Found a faded altar of an unknown god.
  1298 | D:2      | Reached skill level 4 in Fighting
  1481 | D:2      | Reached XP level 4. HP: 32/42 MP: 4/4
  2052 | D:3      | Found Qefom's Antique Weapon Shoppe.
  2127 | D:3      | Reached skill level 1 in Axes
  2254 | D:3      | Reached XP level 5. HP: 47/50 MP: 5/5
  2930 | D:4      | Noticed Edmund
  3205 | D:4      | Reached skill level 5 in Fighting
  3391 | D:4      | Noticed an ogre
  3408 | D:4      | Killed an ogre
  3409 | D:4      | Reached XP level 6. HP: 23/59 MP: 6/6
  3737 | D:4      | Found a staircase to the Ecumenical Temple.
  3758 | Temple   | Entered the Ecumenical Temple
  3878 | Temple   | Became a worshipper of Nemelex Xobeh the Trickster
  3903 | D:4      | Found a white marble altar of Elyvilon.
  3906 | D:4      | Found a basalt altar of Yredelemnul.
  3906 | D:4      | Found an iron altar of Okawaru.
  3906 | D:4      | Found a shadowy altar of Dithmenos.
  3918 | D:4      | Found a bloodstained altar of Trog.
  3920 | D:4      | Found a sacrificial altar of Ru.
  4081 | D:4      | Slain by Edmund

Illustrated notes

Levels and vault maps discovered:
D:1:      onia_arrival_pentagram, layout_basic,
          shapermc_ecumenical_altar_notcrosses, grunt_decor_fettered
D:2:      layout_basic, serial_bayou_pond_d, minmay_puff
D:3:      layout_basic, serial_shops, nicolae_shop_waterfront
D:4:      layout_basic, minmay_overflow_temple_hex,
          minmay_temple_entry_statues_fountains, patterned_corridor, uniq_edmund
Temple:   nicolae_temple_two_arcs

Skill      XL: |  1  2  3  4  5 |
---------------+----------------+-----
Stealth        | 1 2 |  2.0
Fighting       | 3 4 5 |  5.4
Axes           | 1 2 |  2.8
Maces & Flails | |  1.7
Armour         | |  3.6
Shields        | |  3.2

Action                   |  1- 3 |  4- 6 || total
-------------------------+-------+-------++-------
Melee: Flail             |   130 |    15 ||   145
       Tailslap          |    12 |    15 ||    27
       War axe           |       |   177 ||   177
  Use: Scroll            |       |     3 ||     3
       Potion            |       |     1 ||     1
Armor: Scale mail        |    63 |    92 ||   155
Dodge: Dodged            |    54 |    69 ||   123
Block: Buckler           |    25 |    34 ||    59

Table legend: (Time is in decaauts)
 A = Elapsed time spent in this place.
 B = Non-inter-level travel time spent in this place.
 C = Inter-level travel time spent in this place.
 D = Time resting spent in this place.
 E = Time spent auto-exploring this place.
 F = Levels seen in this place.
 G = Mean time per level.
                   A        B        C        D        E       F      G
               +--------+--------+--------+--------+--------+-----+--------+
         Total |   4209 |   4017 |    192 |    594 |   2520 |   5 |  841.8 |
       Dungeon |   4080 |   3888 |    192 |    594 |   2414 |   4 | 1020.0 |
        Temple |    128 |    128 |      0 |      0 |    106 |   1 |  128.0 |
               +--------+--------+--------+--------+--------+-----+--------+

Top non-repeatable levels by time:
     D:2: 1057 daAuts
     D:1: 1012 daAuts
     D:3: 1008 daAuts
     D:4: 1002 daAuts
  Temple: 128 daAuts
